 Dungeon Crawl Stone Soup version 0.23.2-40-g277498a001 (webtiles) character file.

Game seed: 15742720344148753654

51 DanielSan83 the Ruffian (level 3, -3/37 HPs)
             Began as a Troll Berserker on Oct 1, 2019.
             Was a Believer of Trog.
             Slain by a scorpion (4 damage)
             ... on level 3 of the Dungeon.
             The game lasted 00:11:07 (1027 turns).

DanielSan83 the Ruffian (Troll Berserker)           Turns: 1027, Time: 00:11:07

Health: -3/37      AC:  6    Str: 31    XL:     3   Next: 57%
Magic:  2/2        EV: 10    Int:  3    God:    Trog [**....]
Gold:   57         SH:  0    Dex:  9    Spells: 2/2 levels left

rFire    . . .     SeeInvis .   c - +2 dagger (speed)
rCold    . . .     Gourm    +   (no shield)
rNeg     . . .     Faith    .   a - +0 animal skin
rPois    .         Spirit   .   (helmet restricted)
rElec    .         Reflect  .   (no cloak)
rCorr    .         Harm     .   (gloves unavailable)
MR       .....                  (boots unavailable)
Stlth    +.........             (no amulet)
HPRegen  0.52/turn              (no ring)
MPRegen  0.08/turn              (no ring)

@: mighty, lethally poisoned (-3 -> -10), about to teleport
A: large, unfitting armour, claws 3, fast metabolism 3, gourmand, regeneration
1, shaggy fur 1, tough skin 3
a: Berserk, Trog's Hand, Renounce Religion


You were on level 3 of the Dungeon.
You worshipped Trog.
Trog was pleased with you.
You were not hungry.

You visited 1 branch of the dungeon, and saw 3 of its levels.

You collected 57 gold pieces.

Inventory:

Hand Weapons
 c - a +2 dagger of speed (weapon)
 g - a +0 short sword
 k - a +0 spear
 n - a +0 short sword
Missiles
 e - 38 stones (quivered)
Armour
 a - a +0 animal skin (worn)
Scrolls
 d - a scroll of enchant weapon
 f - 2 scrolls of enchant armour {unknown}
 i - 2 scrolls of remove curse {unknown}
 j - 2 scrolls of fear {unknown}
 m - a scroll of amnesia {unknown}
Comestibles
 b - a ration


   Skills:
 + Level 3.0 Fighting
 + Level 0.4 Short Blades
 + Level 2.9 Dodging
 + Level 3.4 Unarmed Combat


You had 2 spell levels left.
You didn't know any spells.
Your spell library was empty.

Dungeon Overview and Level Annotations

Branches:
Dungeon (3/15)

Altars:


Innate Abilities, Weirdness & Mutations

You are too large for most types of armour.
You have claws for hands.
Your metabolism is lightning-fast.
You like to eat raw meat.
Your natural rate of healing is unusually fast.
You are covered in fur. (AC +1)
You have extremely tough skin. (AC +3)


Message History

The scorpion poisons you!
It was a potion of might.
You feel very mighty all of a sudden.
* * * LOW HITPOINT WARNING * * *
You feel sick.
The scorpion stings you but does no damage.
As you read the scroll labeled NOISO GAARIAFF, it crumbles to dust.
You feel strangely unstable.
It was a scroll of teleportation.
* * * LOW HITPOINT WARNING * * *
You feel sick. The adder closely misses you.
The scorpion stings you but does no damage.
You closely miss the scorpion.
The scorpion is lightly wounded.
* * * LOW HITPOINT WARNING * * *
You feel sick. The adder bites you but does no damage.
You closely miss the scorpion.
The scorpion is lightly wounded.
* * * LOW HITPOINT WARNING * * *
You feel sick. The scorpion stings you.
You die...

..............#
#.............#
.....>........#
..............#
..............##
...............#
.........S...#
.........@...#
####....s....#
#........##
#........#
#........#
#.######.# ...
.# #### .#


You could see a scorpion and an adder.

Vanquished Creatures
  A hound zombie (D:3)
  An ooze (D:1)
  A worm (D:2)
  A dart slug (D:1)
  A giant cockroach (D:1)
  5 goblins (D:1)
  4 hobgoblins
  2 bats (D:1)
  3 frilled lizards
  7 kobolds
  2 rats (D:2)
28 creatures vanquished.

Notes
Turn   | Place    | Note
-------+----------+-------------------------------------------
     0 | D:1      | DanielSan83 the Troll Berserker began the quest for the
                  | Orb.
     0 | D:1      | Reached XP level 1. HP: 22/22 MP: 0/0
   164 | D:1      | Reached XP level 2. HP: 29/29 MP: 1/1
   492 | D:1      | Reached ** piety under Trog
   528 | D:1      | Reached XP level 3. HP: 31/36 MP: 2/2
  1005 | D:3      | Noticed a scorpion
  1026 | D:3      | HP: 1/37 [poisoned by a scorpion]
  1027 | D:3      | Slain by a scorpion

Skill      XL: |  1  2  3 |
---------------+----------+-----
Fighting       | 3 |  3.0
Short Blades   | |  0.4
Dodging        | |  2.9
Unarmed Combat | |  3.4

Action                   || total
-------------------------++-------
Melee: Dagger            ||   119
       Punch             ||     1
  Use: Scroll            ||     2
       Potion            ||     1
  Eat: Chunk             ||     1
       Ration            ||     2
Armor: Animal skin       ||    41
Dodge: Dodged            ||    50
